 Dungeon Crawl Stone Soup version 0.25.0-10-g039870ee82 (webtiles) character file.

Game seed: 2328823647704287948

816 mopl the Ruffian (level 7, -9/61 HPs)
             Began as a Ghoul Monk on June 23, 2020.
             Mangled by an orc warrior
             ... wielding a cursed -3 dire flail
              (10 damage)
             ... on level 5 of the Dungeon.
             The game lasted 00:06:48 (5063 turns).

mopl the Ruffian (Ghoul Monk)                       Turns: 5063, Time: 00:06:49

Health: -9/61      AC:  8    Str: 17    XL:     7   Next: 94%
Magic:  15/15      EV: 11    Int:  5    God:
Gold:   245        SH:  0    Dex: 11    Spells: 6/6 levels left

rFire    + . .     SeeInvis .     - Unarmed
rCold    + . .     Gourm    .   (no shield)
rNeg     + + +     Faith    .   A - +0 ring mail
rPois    ∞         Spirit   .   C - +0 hat
rElec    .         Reflect  .   j - +0 cloak
rCorr    .         Harm     .   (no gloves)
MR       .....                  t - +1 pair of boots
Stlth    +.........             (no amulet)
HPRegen  0.00/turn              a - ring of protection from fire
MPRegen  0.14/turn              x - ring of magical power

@: rotting
A: rotting body, claws 1, carnivore, cold resistance 1, negative energy
resistance 3, inhibited regeneration, torment resistance, unbreathing
a: no special abilities


You were on level 5 of the Dungeon.
You were not hungry.

You visited 2 branches of the dungeon, and saw 7 of its levels.

You collected 245 gold pieces.

Inventory:

Missiles
 f - 3 silver boomerangs (quivered)
Armour
 j - a +0 cloak (worn)
 t - a +1 pair of boots (worn)
 A - a +0 ring mail (worn)
 C - a +0 hat (worn)
Jewellery
 a - a ring of protection from fire (left claw)
 x - a ring of magical power (right claw)
Scrolls
 d - 2 scrolls of fear {unknown}
 g - 2 scrolls of amnesia {unknown}
 h - 2 scrolls of teleportation {unknown}
 l - a scroll of noise {unknown}
 n - 3 scrolls of remove curse {unknown}
 q - a scroll of blinking {unknown}
 s - 2 scrolls of identify {unknown}
 u - a scroll of immolation {unknown}
 v - a scroll of enchant armour {unknown}
 y - a scroll of random uselessness {unknown}
 B - a scroll of fog {unknown}
Potions
 e - a potion of haste {unknown}
 i - a potion of curing {unknown}
 k - 2 potions of flight {unknown}
 m - a potion of degeneration {unknown}
 o - a potion of might {unknown}
 p - 2 potions of heal wounds {unknown}
 r - a potion of resistance {unknown}
 w - 2 potions of brilliance {unknown}
 z - a potion of mutation {unknown}
Comestibles
 b - 11 rations
 c - 6 chunks of flesh


   Skills:
 + Level 5.6 Fighting
 + Level 3.5 Throwing
 + Level 1.5 Armour
 - Level 2.6 Dodging
 - Level 2.1 Stealth
 * Level 7.2 Unarmed Combat


You had 6 spell levels left.
You didn't know any spells.
Your spell library contained the following spells:

 Spells                   Type           Power        Failure   Level  Hunger
 Sticks to Snakes         Tmut           #.......     82%         2    ###....
 Beastly Appendage        Tmut           Unusable     N/A         1    N/A
 Spider Form              Tmut/Pois      Unusable     N/A         3    N/A
 Ice Form                 Ice/Tmut       Unusable     N/A         4    N/A
 Blade Hands              Tmut           Unusable     N/A         5    N/A

Dungeon Overview and Level Annotations

Branches:
Dungeon (6/15)             Temple (1/1) D:5

Altars:
Cheibriados
Dithmenos
Elyvilon
Fedhas
Gozag
Hepliaklqana
Kikubaaqudgha
Makhleb
Okawaru
Qazlal
Ru
Sif Muna
Trog
Uskayaw
Vehumet
Wu Jian
Xom
Yredelemnul
Zin


Innate Abilities, Weirdness & Mutations

Your body is rotting away.
You thrive on raw meat.
You are immune to poison.
You have sharp fingernails.
You are carnivorous and can eat meat at any time.
Your flesh is cold resistant. (rC+)
You are immune to negative energy. (rN+++)
You do not regenerate when monsters are visible.
You are immune to unholy pain and torment.
You can survive without breathing.


Message History

You are too injured to fight recklessly!
You are too injured to fight recklessly!
You scratch the orc warrior but do no damage.
You claw the orc warrior.
The orc warrior is heavily wounded.
The orc warrior closely misses you.
You closely miss the orc warrior.
The orc warrior is heavily wounded.
The orc warrior hits you with a cursed -3 dire flail.
You claw the orc warrior!
The orc warrior is almost dead.
The orc warrior hits you with a cursed -3 dire flail!!
* * * LOW HITPOINT WARNING * * *
You scratch the orc warrior but do no damage.
Your claw misses the orc warrior.
The orc warrior is almost dead.
You barely miss the orc warrior.
The orc warrior is almost dead.
The orc warrior hits you with a cursed -3 dire flail!
You die...

#............#
#.[..(.##..##
#............#
##....#(.##..#
#............#
#....##(......
#............#
##..####.#(..#.
##..÷........#
##..## #..#.#.. #
##..........#
##..## #...>... #
#..........#
#..## #..#.#.. #
##.........###.##
#.#...#. #
##........##@##
#....... #
##.......#o##
#....... #
#.......p##
########
##......##
##....## ##...#
##### ##..##
....#####..##
.........>##


You could see an orc warrior and a slave.

Vanquished Creatures
  A centaur (D:5)
  2 ogres (D:5)
  A bullfrog (D:6)
  An orc priest (D:3)
  2 hounds (D:5)
  An orc wizard (D:5)
  Jessica (D:2)
  Natasha (D:2)
  3 worker ants
  11 adders
  5 gnolls
  A shadow imp (D:5)
  An ooze (D:3)
  A worm (D:3)
  3 dart slugs (D:1)
  2 leopard geckos
  10 orcs
  A ball python (D:3)
  9 giant cockroaches
  4 goblins
  10 hobgoblins
  3 jackals (D:3)
  7 kobolds
  5 quokkas
  4 bats
  4 frilled lizards
  A quokka skeleton (D:5)
  8 rats
103 creatures vanquished.

Notes
Turn   | Place    | Note
-------+----------+-------------------------------------------
     0 | D:1      | mopl the Ghoul Monk began the quest for the Orb.
     0 | D:1      | Reached XP level 1. HP: 19/19 MP: 0/0
    26 | D:1      | Reached XP level 2. HP: 9/26 MP: 1/1
   607 | D:1      | Reached skill level 4 in Unarmed Combat
   607 | D:1      | Reached XP level 3. HP: 29/29 MP: 2/2
   608 | D:1      | Reached skill level 1 in Throwing
  1299 | D:2      | Noticed Jessica
  1308 | D:2      | Killed Jessica
  1308 | D:2      | Reached XP level 4. HP: 38/40 MP: 3/3
  1724 | D:2      | Noticed Natasha
  1758 | D:2      | Killed Natasha
  1758 | D:2      | Reached skill level 5 in Unarmed Combat
  1758 | D:2      | Reached XP level 5. HP: 27/46 MP: 4/4
  1877 | D:3      | Found a white marble altar of Elyvilon.
  2478 | D:3      | Reached XP level 6. HP: 45/53 MP: 5/5
  2736 | D:3      | Found a bloodstained altar of Trog.
  3018 | D:3      | Found a shimmering altar of Xom.
  3021 | D:3      | Found an ornate altar of the Wu Jian Council.
  3024 | D:3      | Found a shadowy altar of Dithmenos.
  3756 | D:5      | Entered Level 5 of the Dungeon
  3758 | D:5      | Reached skill level 6 in Unarmed Combat
  3763 | D:5      | Found a staircase to the Ecumenical Temple.
  3794 | D:5      | Reached skill level 5 in Fighting
  3820 | Temple   | Entered the Ecumenical Temple
  4080 | D:5      | Reached XP level 7. HP: 54/61 MP: 6/6
  4661 | D:5      | Reached skill level 1 in Armour
  4661 | D:5      | Reached skill level 7 in Unarmed Combat
  5061 | D:5      | HP: 1/61 [orc warrior/cursed -3 dire flail (20)]
  5063 | D:5      | Mangled by an orc warrior

Illustrated notes

Levels and vault maps discovered:
D:1:      psy_arrival_radial01, layout_basic
D:2:      layout_basic, uniq_jessica, uniq_natasha
D:3:      layout_rooms, elyvilon_altar_5, grunt_temple_overflow_diamond,
          bloody_trog
D:4:      layout_basic, first_ration, minmay_misc_feat_hallway
D:5:      layout_cave_pods, minmay_temple_entry_crystal_x
D:6:      layout_loops_corners, uniq_pikel
Temple:   eino_temple_water

Skill      XL: |  1  2  3  4  5  6  7 |
---------------+----------------------+-----
Unarmed Combat | 4 5 6 7 |  7.2
Throwing       | 1 2 3 |  3.5
Fighting       | 4 5 |  5.6
Armour         | 1 |  1.5
Dodging        | |  2.6
Stealth        | |  2.1

Action                   |  1- 3 |  4- 6 |  7- 9 || total
-------------------------+-------+-------+-------++-------
Melee: Unarmed           |    49 |   233 |    90 ||   372
       Punch             |       |     9 |     3 ||    12
Throw: Boomerang         |       |       |     1 ||     1
 Stab: Sleeping          |    12 |     2 |       ||    14
       Distracted        |       |     1 |       ||     1
  Eat: Chunk             |     9 |    14 |     2 ||    25
Armor: Robe              |     7 |    52 |       ||    59
       Ring mail         |       |    16 |    25 ||    41
Dodge: Dodged            |    21 |   145 |    37 ||   203
